 Dungeon Sprint DCSS version 0.22-a0-460-g49b1da7 (webtiles) character file.

43 emperorscorpion the Gusty (level 3, -6/28 HPs)
             Began as a Deep Elf Air Elementalist on June 9, 2018.
             Mangled by an ice beast (11 damage)
             ... in the Dungeon (Sprint IX: "|||||||||||||||||||||||||||||").
             The game lasted 00:00:31 (59 turns).

emperorscorpion the Gusty (Deep Elf Air Elementalist) Turns: 59, Time: 00:00:33

Health: -6/28      AC:  2    Str: 10    XL:     3   Next: 37%
Magic:  2/11       EV: 14    Int: 19    God:
Gold:   0          SH:  0    Dex: 16    Spells: 10/11 levels left

rFire    . . .     SeeInvis .   (no weapon)
rCold    . . .     Gourm    .   (no shield)
rNeg     . . .     Faith    .   a - +0 robe
rPois    .         Spirit   .   (no helmet)
rElec    .         Reflect  .   (no cloak)
rCorr    .         Harm     .   (no gloves)
MR       .....     NoTele   +   (no boots)
Stlth    ..........             (no amulet)
HPRegen  0.09/turn              (no ring)
MPRegen  0.12/turn              (no ring)

@: berserking, lethally poisoned (-6 -> -20), very quick
A: no striking features
a: no special abilities


You were in the Dungeon.
You were not hungry.

You visited 1 branch

Inventory:

Armour
 a - a +0 robe (worn)
Scrolls
 i - a scroll of blinking
Potions
 d - a potion of curing
 e - a potion of heal wounds
 f - a potion of haste
 g - 2 potions of magic
Comestibles
 b - a chunk of flesh
 c - a ration


   Skills:
 - Level 3.6 Dodging
 - Level 3.3 Stealth
 - Level 0.1 Unarmed Combat
 - Level 4.7 Spellcasting
 - Level 2.0 Conjurations
 - Level 5.9 Air Magic


You had 10 spell levels left.
You knew the following spells:

 Your Spells              Type           Power        Failure   Level  Hunger
a - Shock                 Conj/Air       ###.         2%          1    None

Your spell library contained the following spells:

 Spells                   Type           Power        Failure   Level  Hunger
 Lightning Bolt           Conj/Air       ###.......   56%         5    ######.
 Swiftness                Chrm/Air       ###.....     6%          2    #......
 Airstrike                Air            ####......   11%         4    ####...
 Static Discharge         Conj/Air       ###.....     8%          3    ###....


Dungeon Overview and Level Annotations

Branches:
Dungeon (1/1)

Altars:


Message History

The worker ant poisons you!
You hit the worker ant.
You kill the worker ant!
Your Conjurations skill increases to level 2!
You have reached level 3!
Your experience leads to an increase in your attributes!
Your base attributes are Str 5, Int 19, Dex 15.
Increase (S)trength, (I)ntelligence, or (D)exterity?
You feel agile.
* * * LOW HITPOINT WARNING * * *
You feel sick.
You hit the ice beast.
The ice beast is severely wounded.
You hit the ice beast.
The ice beast is almost dead.
* * * LOW HITPOINT WARNING * * *
You feel sick. The ice beast hits you.
* * * LOW HITPOINT WARNING * * *
The ice beast freezes you!
You die...

▓.▓
▓.▓
▓.▓
▓)▓
▓.▓
▓.▓
▓†▓
▓†▓
▓@▓
▓Y▓
▓.▓
▓.▓
▓†▓
▓.▓
▓.▓
▓+▓


You could see an ice beast.

Vanquished Creatures
  A worker ant (D)
  An adder (D)
  A leopard gecko (D)
  An orc (D)
  2 goblins (D)
  2 hobgoblins (D)
  A frilled lizard (D)
9 creatures vanquished.

Notes
Turn   | Place    | Note
-------+----------+-------------------------------------------
     0 | D        | emperorscorpion the Deep Elf Air Elementalist began the quest for the Orb.
     0 | D        | Reached XP level 1. HP: 10/10 MP: 6/6
     6 | D        | Reached skill level 4 in Air Magic
    47 | D        | Noticed a worker ant
    47 | D        | Noticed an ice beast
    49 | D        | Reached XP level 2. HP: 15/15 MP: 5/8
    51 | D        | Reached skill level 5 in Air Magic
    57 | D        | Reached XP level 3. HP: 9/19 MP: 1/11
    59 | D        | Mangled by an ice beast

Vault maps used:
D:        linesprint

Skill      XL: |  1  2 |
---------------+-------+-----
Air Magic      | 4 5 |  5.9
Dodging        | 3 |  3.6
Stealth        | 3 |  3.3
Spellcasting   | 4 |  4.7
Conjurations   | 2 |  2.0
Unarmed Combat | |  0.1

Action                   || total
-------------------------++-------
Melee: Unarmed           ||     5
 Cast: Shock             ||     9
  Use: Potion            ||     1
Dodge: Dodged            ||     3

Table legend:
 A = Spawn XP
 B = Non-spawn XP
 C = Spawn XP percentage of total XP
 D = Spawn monster count
 E = Non-spawn monster count
 F = Spawn count percentage of total count
 G = Total turns spent on level
                    A         B        C        D         E        F      G
               +---------+---------+-------+---------+---------+-------+---------
         Total |       0 |      62 |   0.0 |       0 |       9 |   0.0 |    59
               +---------+---------+-------+---------+---------+-------+---------
             D |       0 |      62 |   0.0 |       0 |       9 |   0.0 |    59
               +---------+---------+-------+---------+---------+-------+---------
